 Dungeon Crawl Stone Soup version 0.20-a0-201-g851c6fa (webtiles) character file.

119 KristoblXynda the Slasher (level 4, 0/38 HPs)
             Began as a Draconian Fighter on Nov 24, 2016.
             Slain by a gnoll
             ... wielding a +0 whip
              (10 damage)
             ... on level 3 of the Dungeon.
             The game lasted 00:02:47 (1967 turns).

KristoblXynda the Slasher (Draconian Fighter)       Turns: 1967, Time: 00:02:48

Health: 0/38       AC:  5    Str: 20    XL:     4   Next: 73%
Magic:  4/4        EV: 10    Int: 11    God:
Gold:   153        SH:  9    Dex: 10    Spells: 3/3 levels left

rFire  . . .     SeeInvis .     a - +1 long sword
rCold  . . .     Gourm    .     (armour unavailable)
rNeg   . . .     Faith    .     b - +0 shield
rPois  .         Spirit   .     (helmet restricted)
rElec  .         Reflect  .     (no cloak)
rCorr  .         Harm     .     (no gloves)
MR     .....                    (no boots)
Stlth  +.........               (no amulet)
                                (no ring)
                                e - +3 ring of intelligence

@: no status effects
A: unfitting armour, cold-blooded, AC +5
a: no special abilities


You were on level 3 of the Dungeon.
You were hungry.

You visited 1 branch of the dungeon, and saw 3 of its levels.

You collected 153 gold pieces.

Inventory:

Hand Weapons
 a - a +1 long sword (weapon)
Armour
 b - a +0 shield (worn)
 h - a +2 large shield
Jewellery
 e - a +3 ring of intelligence (left hand)
Scrolls
 n - a scroll of identify
Potions
 c - a potion of might
 f - a potion of brilliance {unknown}
 g - 3 potions of curing
 i - a potion of berserk rage {unknown}
 k - a potion of lignification {unknown}
 m - a potion of beneficial mutation {unknown}
Books
 j - a book of Cantrips

   Spells                             Type                      Level
   a - Confusing Touch                Hexes                        1
   b - Animate Skeleton               Necromancy                   1
   c - Summon Small Mammal            Summoning                    1
   d - Apportation                    Translocation                1
Comestibles
 d - 4 bread rations
 l - 4 fruits


   Skills:
 - Level 3.2 Fighting
 * Level 4.0 Long Blades
 - Level 3.0 Dodging
 + Level 3.9 Shields


You had 3 spell levels left.
You didn't know any spells.

Dungeon Overview and Level Annotations

Branches:
Dungeon (3/15)

Altars:


Innate Abilities, Weirdness & Mutations

Your plain brown scales are hard. (AC +5)
You cannot fit into any form of body armour.
You are cold-blooded and may be slowed by cold attacks.


Message History

You barely miss the gnoll. The gnoll closely misses you.
You barely miss the gnoll.
Your tail-slap misses the gnoll.
The gnoll hits you with a whip.
* * * LOW HITPOINT WARNING * * *
You hit the gnoll.
The gnoll is moderately wounded.
The gnoll barely misses you. You block the gnoll's attack.
You barely miss the gnoll.
Your tail-slap misses the gnoll.
The gnoll is moderately wounded.
You block the gnoll's attack.
You closely miss the gnoll.
The gnoll is moderately wounded.
The gnoll barely misses you.
You barely miss the gnoll.
The gnoll is moderately wounded.
You block the gnoll's attack.
You slash the gnoll!
The gnoll is severely wounded.
The gnoll misses you. The gnoll hits you with a whip!
You die...

#####.# #.. #. # #.# #
#.# #. #.# #.#### #.# #.
#.# #....# #.# #. #.#
#.### #.# #. #.#
#######...####.########.
#..
........................
#######
#######...####.########.
.... #@### #...........
#### #g#####..########.
#.................
..........######..
##.######.# #.# #.# #.#
#.# .# #.# #.. .# #.#
### #.#


You could see a gnoll.

Vanquished Creatures
  5 adders
  2 gnolls (D:3)
  An ooze (D:1)
  2 dart slugs (D:2)
  2 leopard geckos (D:2)
  6 bats
  3 giant cockroaches (D:2)
  3 goblins (D:2)
  6 hobgoblins
  2 jackals (D:1)
  A quokka (D:2)
  A ball python (D:2)
  4 frilled lizards
  5 kobolds
  8 rats
51 creatures vanquished.

Notes
Turn   | Place    | Note
-------+----------+-------------------------------------------
     0 | D:1      | KristoblXynda the Draconian Fighter began the quest for the Orb.
     0 | D:1      | Reached XP level 1. HP: 19/19 MP: 1/1
   211 | D:1      | Reached XP level 2. HP: 26/26 MP: 2/2
   948 | D:2      | Reached XP level 3. HP: 27/31 MP: 3/3
  1037 | D:2      | Reached skill level 3 in Long Blades
  1321 | D:2      | Reached XP level 4. HP: 34/38 MP: 4/4
  1959 | D:3      | Reached skill level 4 in Long Blades
  1967 | D:3      | Slain by a gnoll

Vault maps used:
D:1:      dpeg_arrival_renting

Skill      XL: |  1  2  3  4 |
---------------+-------------+-----
Dodging        | 3 |  3.0
Long Blades    | 3 4 |  4.0
Fighting       | |  3.2
Shields        | |  3.9

Action                   |  1- 3 |  4- 6 || total
-------------------------+-------+-------++-------
Melee: Long sword        |   102 |    71 ||   173
       Tailslap          |    12 |     9 ||    21
  Use: Scroll            |       |     3 ||     3
 Stab: Sleeping          |     2 |       ||     2
  Eat: Chunk             |     1 |     2 ||     3
Armor: Skin              |    25 |    11 ||    36
Dodge: Dodged            |    43 |    33 ||    76
Block: Shield            |    46 |    43 ||    89
       Rpst.: Long sword |    13 |     7 ||    20
